 Dungeon Crawl Stone Soup version 0.19-a0-473-g3ac10ee (webtiles) character file.

3462 MenacingMecha the Fighter (level 9, 0/101 HPs)
             Began as a Troll Monk on June 4, 2016.
             Was a High Priest of Okawaru.
             Slain by a river rat (3 damage)
             ... on level 8 of the Dungeon.
             The game lasted 00:16:59 (6877 turns).

MenacingMecha the Fighter (Troll Monk)              Turns: 6877, Time: 00:17:00

Health: 0/101      AC:  6    Str: 22    XL:     9   Next: 78%
Magic:  8/8        EV: -4    Int:  7    God:    Okawaru [*****.]
Gold:   358        SH:  0    Dex: 16    Spells: 0 memorised, 8 levels left

rFire  . . .     SeeInvis .       - Unarmed
rCold  . . .     Gourm    +     a - +0 robe
rNeg   + + +     Faith    .     o - +0 shield
rPois  ∞         Spirit   .     (helmet restricted)
rElec  .         Dismiss  .     (no cloak)
rCorr  .         Reflect  .     (gloves unavailable)
SustAt .         Harm     .     (boots unavailable)
MR     .....                    (no amulet)
Stlth  +++.......               w - ring of wizardry {Wiz+}
                                z - ring of the Octopus King {AC+1 EV+1 Str+1 Int+1 Dex+1 Stlth+}

@: petrified, not resistant to hostile enchantments, fairly stealthy
A: unfitting armour, claws 3, fast metabolism 3, gourmand, regeneration 2,
shaggy fur 1, tough skin 2
a: Heroism, Finesse, Renounce Religion


You were on level 8 of the Dungeon.
You worshipped Okawaru.
Okawaru was extremely pleased with you.
You were completely stuffed.

You visited 1 branch of the dungeon, and saw 8 of its levels.

You collected 358 gold pieces.

Inventory:

Missiles
 i - 205 stones
 F - 6 javelins (quivered)
Armour
 a - a +0 robe (worn)
 o - a +0 shield (worn)
   (You found it on level 2 of the Dungeon)
Jewellery
 w - a ring of wizardry (right claw) {Wiz+}
   (You found it on level 4 of the Dungeon)
 z - a ring of the Octopus King (left claw) {AC+1 EV+1 Str+1 Int+1 Dex+1 Stlth+}
   (You took it off an orc on level 7 of the Dungeon)

   [ring of stealth]

   It affects your AC (+1).
   It affects your evasion (+1).
   It affects your strength (+1).
   It affects your intelligence (+1).
   It affects your dexterity (+1).
   It makes you more stealthy.
Wands
 j - a wand of random effects (27/48)
   (You found it on level 2 of the Dungeon)
 m - a wand of random effects (30/48)
   (You found it on level 2 of the Dungeon)
 v - a wand of polymorph (13/24)
   (You found it on level 4 of the Dungeon)
Scrolls
 d - 2 scrolls of enchant weapon {unknown}
 e - 8 scrolls of remove curse {unknown}
 h - a scroll of fear {unknown}
 p - 6 scrolls of identify {unknown}
 u - 3 scrolls of amnesia {unknown}
 y - a scroll of noise {unknown}
 A - a scroll of vulnerability {unknown}
 E - 2 scrolls of teleportation {unknown}
 G - a scroll of blinking {unknown}
Potions
 c - a potion of mutation {unknown}
 k - 4 potions of curing {unknown}
 l - 2 potions of invisibility {unknown}
 r - a potion of degeneration {unknown}
 t - a potion of cure mutation {unknown}
 x - 2 potions of might {unknown}
Books
 q - a book of Death
   (You found it on level 3 of the Dungeon)
 D - a book of Dreams
   (You found it on level 7 of the Dungeon)
Comestibles
 b - 7 bread rations
 f - a meat ration
 g - a royal jelly
 n - 2 slices of pizza
 s - 3 fruits
 B - a beef jerky
 C - 7 chunks of flesh


   Skills:
 - Level 10.1 Fighting
 + Level 1.5 Throwing
 - Level 2.4 Dodging
 - Level 1.1 Stealth
 * Level 2.2 Shields
 - Level 8.0 Unarmed Combat


You had 8 spell levels left.
You didn't know any spells.

Dungeon Overview and Level Annotations

Branches:
Dungeon (8/15)             Temple (0/1) D:7            Lair (0/8) D:8

Altars:
Elyvilon
Kikubaaqudgha
Okawaru
Ru
Sif Muna
Uskayaw
Vehumet

Annotations:
D:7 eel, 3 exclusions


Innate Abilities, Weirdness & Mutations

You are too large for most types of armour.
You have claws for hands.
Your metabolism is lightning-fast.
You like to eat raw meat.
You heal very quickly.
You are covered in fur. (AC +1)
You have very tough skin. (AC +2)


Message History

You kill the rat!
You block the porcupine's attack.
Things that are here:
a hand axe of flaming; an orc corpse You scratch the porcupine but do no damage.
The porcupine is moderately wounded.
You block the porcupine's attack.
You mangle the porcupine!!
You kill the porcupine!
Okawaru accepts your kill.
Your Shields skill increases to level 2!
You claw the rat!
You kill the rat!
Okawaru accepts your kill.
Things that are here:
a rat corpse; a porcupine corpse You butcher the rat corpse.
C - 5 chunks of flesh (gained 1)
You see here a porcupine corpse.
Eating one of 5 chunks of flesh.
This raw flesh tastes great.
You continue eating. x2
Things that are here:
a hand axe of flaming; an orc corpse You butcher the orc corpse.
C - 8 chunks of flesh (gained 4)
Things that are here:
a hand axe of flaming; an orc skeleton You see here a porcupine corpse.
You see here a yak corpse.
You butcher the yak corpse.
C - 10 chunks of flesh (gained 2)
You start resting.
Some of the chunks of flesh in your inventory have rotted away.
HP restored.
Put on which piece of jewellery? (? for menu, Esc to quit)
You feel stronger.
You feel clever.
You feel agile.
z - a ring of the Octopus King (left claw) {AC+1 EV+1 Str+1 Int+1 Dex+1 Stlth+} Put on which piece of jewellery? (? for menu, Esc to quit)
w - a ring of wizardry (right claw)
You see here a porcupine corpse.
Okay, then.
You butcher the porcupine corpse.
C - 8 chunks of flesh (gained 1)
Things that are here:
a hand axe of flaming; an orc skeleton There isn't anything to butcher here.
Eating one of 8 chunks of flesh.
This raw flesh tastes great.
You continue eating. x2
There is a stone staircase leading down here.
You climb downwards.
A river rat comes into view.
The yak closely misses you. The river rat bites you!
The porcupine closely misses you. The yak gores you! The basilisk gazes at you.
You are slowing down.
There is a stone staircase leading up, spattered with blood here.
Unknown command.
The porcupine bites you. The river rat bites you. The yak gores you.
The yak gores you! The basilisk gazes at you.
Your limbs have turned to stone.
The porcupine bites you.
The yak snorts and paws the ground.
The yak gores you but does no damage. The river rat bites you.
The yak gores you! The basilisk gazes at you.
Your limbs have turned to stone.
You have turned to stone.
The porcupine bites you but does no damage.
The river rat bites you. The yak gores you! The basilisk bites you!
The yak gores you but does no damage. The basilisk gazes at you.
You resist with some effort. The porcupine bites you. The yak gores you.
The yak gores you but does no damage. The river rat bites you.
The basilisk gazes at you. You resist with some effort.
The yak completely misses you. The porcupine bites you. The yak gores you!
The river rat bites you. The yak gores you!
The basilisk bites you but does no damage.
The porcupine bites you. The yak gores you. The yak gores you.
The porcupine bites you but does no damage.
The yak gores you.
The river rat bites you but does no damage.
The basilisk bites you!
* * * LOW HITPOINT WARNING * * *
The yak gores you!
* * * LOW HITPOINT WARNING * * *
The yak gores you but does no damage. The porcupine bites you!
* * * LOW HITPOINT WARNING * * *
The yak gores you!
* * * LOW HITPOINT WARNING * * *
The river rat bites you but does no damage.
The basilisk bites you.
* * * LOW HITPOINT WARNING * * *
The yak gores you.
* * * LOW HITPOINT WARNING * * *
The yak gores you.
* * * LOW HITPOINT WARNING * * *
The river rat bites you!
You die...

..<.?.# ......#
.....# ...^#
...#
######..#####
.##...lY.......
......r@r#
.?.P..rYY..#
....♣♣.........
.♣. l...P.####
....r..#
♣.♣rP....
....P.....
..>..♣...P.#


You could see 3 yaks, 2 basilisks, 2 porcupines and 3 river rats.

Vanquished Creatures
  A centaur zombie (D:7)
  2 yaks (D:7)
  The ghost of subsebi the Chopper, an amateur DsCK of Xom (D:3)
  A hippogriff (D:7)
  2 porcupines (D:7)
  A water moccasin (D:5)
  3 orc warriors
  3 ice beasts
  An ogre (D:7)
  A phantom (D:5)
  2 centaurs
  A crocodile (D:7)
  Blork the orc (D:4)
  2 giant frogs
  2 scorpions
  3 wights (D:7)
  A jelly (D:6)
  A giant frog zombie (D:6)
  3 hounds
  A wasp zombie (D:5)
  7 orc priests
  A giant frog skeleton (D:7)
  An iguana (D:7)
  4 orc wizards
  3 worker ants
  3 gnolls (D:6)
  9 adders
  2 shadow imps
  3 oozes
  5 worms
  3 dart slugs
  7 giant geckos
  27 orcs
  7 giant cockroaches
  7 goblins
  6 hobgoblins
  10 kobolds
  3 quokkas
  7 bats
  A giant gecko zombie (D:5)
  8 giant newts
  A jackal skeleton (D:5)
  A quokka skeleton (D:5)
  9 rats
168 creatures vanquished.

Vanquished Creatures (others)
  A hound zombie (D:6)
  An orc (D:7)
2 creatures vanquished.

Grand Total: 170 creatures vanquished

Notes
Turn   | Place    | Note
--------------------------------------------------------------
     0 | D:1      | MenacingMecha the Troll Monk began the quest for the Orb.
     0 | D:1      | Reached XP level 1. HP: 22/22 MP: 0/0
   194 | D:1      | Reached XP level 2. HP: 28/29 MP: 1/1
   738 | D:1      | Reached skill level 5 in Unarmed Combat
   738 | D:1      | Reached XP level 3. HP: 35/36 MP: 2/2
  1341 | D:2      | Reached XP level 4. HP: 43/44 MP: 3/3
  1466 | D:2      | Found an iron altar of Okawaru.
  1470 | D:2      | Became a worshipper of Warmaster Okawaru
  1470 | D:2      | Reached * piety under Okawaru
  1470 | D:2      | Reached ** piety under Okawaru
  1476 | D:2      | Found a deep blue altar of Sif Muna.
  1479 | D:2      | Found an ancient bone altar of Kikubaaqudgha.
  1504 | D:2      | Found a sacrificial altar of Ru.
  1835 | D:3      | Noticed subsebi's ghost (amateur DsCK)
  2108 | D:3      | Reached skill level 6 in Unarmed Combat
  2525 | D:3      | Killed subsebi's ghost
  2525 | D:3      | Reached skill level 7 in Unarmed Combat
  2525 | D:3      | Reached XP level 5. HP: 37/50 MP: 1/4
  2674 | D:4      | Noticed an ice beast
  2682 | D:4      | HP: 7/50 [ice beast (8)]
  2718 | D:4      | Killed an ice beast
  2718 | D:4      | Reached XP level 6. HP: 18/59 MP: 5/5
  2808 | D:4      | Noticed Blork the orc
  2816 | D:4      | Killed Blork the orc
  2816 | D:4      | Reached skill level 8 in Unarmed Combat
  2963 | D:4      | Reached skill level 3 in Fighting
  3096 | D:4      | Reached XP level 7. HP: 64/67 MP: 6/6
  3166 | D:4      | Found a white marble altar of Elyvilon.
  3414 | D:5      | Entered Level 5 of the Dungeon
  3468 | D:5      | Found a hide-covered altar of Uskayaw.
  3704 | D:5      | Reached *** piety under Okawaru
  3704 | D:5      | Reached skill level 4 in Fighting
  3864 | D:5      | Reached skill level 5 in Fighting
  4288 | D:6      | Reached XP level 8. HP: 39/83 MP: 7/7
  4517 | D:6      | Reached skill level 6 in Fighting
  4617 | D:6      | Found a radiant altar of Vehumet.
  4846 | D:6      | Reached skill level 7 in Fighting
  4991 | D:6      | Reached **** piety under Okawaru
  5285 | D:7      | Got a ring of the Octopus King
  5363 | D:6      | HP: 18/88 [orc warrior/short sword (14)]
  5406 | D:6      | HP: 20/88 [orc warrior/short sword (13)]
  5411 | D:6      | Reached skill level 8 in Fighting
  5746 | D:7      | Reached XP level 9. HP: 93/97 MP: 8/8
  5802 | D:7      | Found a staircase to the Ecumenical Temple.
  5924 | D:7      | Reached skill level 9 in Fighting
  6595 | D:8      | Found a staircase to the Lair.
  6608 | D:7      | Reached ***** piety under Okawaru
  6618 | D:7      | Reached skill level 10 in Fighting
  6746 | D:7      | Reached skill level 1 in Shields
  6758 | D:7      | Reached skill level 1 in Throwing
  6763 | D:7      | Reached skill level 2 in Shields
  6852 | D:7      | Identified a ring of the Octopus King {AC+1 EV+1 Str+1 Int+1 Dex+1 Stlth+} (You took it off an orc on level 7 of the Dungeon)
  6875 | D:8      | HP: 25/101 [basilisk (6)]
  6876 | D:8      | HP: 10/101 [yak (4)]
  6877 | D:8      | HP: 3/101 [yak (3)]
  6877 | D:8      | Slain by a river rat

Vault maps used:
D:1:      roderic_crop_circles_arrival_small
D:2:      grunt_temple_overflow_cloverleaf
D:4:      elyvilon_altar_3, uniq_blork_the_orc
D:5:      overflow_temple_1_default, first_bread
D:6:      fiery_altar_vehumet
D:7:      minmay_temple_entry_statues_pillars, lightli_minifort
D:8:      makhleb_grotto_becter, cheibriados_altar_1, minmay_lair_entry_grove

Skill      XL: |  1  2  3  4  5  6  7  8  9 |
---------------+----------------------------+-----
Unarmed Combat | 5 7 8 |  8.0
Fighting       | 3 5 8 10 | 10.1
Shields        | 2 |  2.2
Throwing       | 1 |  1.5
Dodging        | |  2.4
Stealth        | |  1.1

Action                   |  1- 3 |  4- 6 |  7- 9 || total
-------------------------+-------+-------+-------++-------
Melee: Unarmed           |   106 |   107 |   268 ||   481
       Punch             |     3 |     4 |     6 ||    13
Throw: Stone             |    27 |    77 |   149 ||   253
       Tomahawk          |       |       |    12 ||    12
       Javelin           |       |       |    10 ||    10
Invok: Heroism           |       |     1 |     1 ||     2
 Stab: Sleeping          |       |     1 |       ||     1
  Eat: Chunk             |    12 |    22 |    35 ||    69
Armor: Robe              |    27 |    28 |    41 ||    96
Dodge: Dodged            |    45 |    29 |    94 ||   168
Block: Shield            |       |       |    12 ||    12

Vault maps used:
D:1:      roderic_crop_circles_arrival_small
D:2:      grunt_temple_overflow_cloverleaf
D:4:      elyvilon_altar_3, uniq_blork_the_orc
D:5:      overflow_temple_1_default, first_bread
D:6:      fiery_altar_vehumet
D:7:      minmay_temple_entry_statues_pillars, lightli_minifort
D:8:      makhleb_grotto_becter, cheibriados_altar_1, minmay_lair_entry_grove

Table legend:
 A = Turns spent in this place as a percentage of turns spent in the entire game.
 B = Non-inter-level travel turns spent in this place as a percentage of non-inter-level travel turns spent in the entire game.
 C = Inter-level travel turns spent in this place as a percentage of turns spent in this place.
 D = Turns resting spent in this place as a percentage of non-inter-level travel turns spent in this place.
 E = Turns spent auto-exploring this place as a percentage of non-inter-level travel turns spent in this place.
 F = Non-inter-level travel turns spent in this place divided by the number of levels of this place that you've seen.
                   A       B       C       D       E      F
               +-------+-------+-------+-------+-------+----------------------
         Total | 100.0 | 100.0 |   0.6 |   3.0 |   9.1 | 238.4
       Dungeon | 100.0 | 100.0 |   0.6 |   3.0 |   9.1 | 238.4
               +-------+-------+-------+-------+-------+----------------------

Table legend:
 A = Kills in this place as a percentage of kills in entire the game.
 B = Kills by you in this place as a percentage of kills by you in the entire game.
 C = Kills by friends in this place as a percentage of kills by friends in the entire game.
 D = Other kills in this place as a percentage of other kills in the entire game.
 E = Experience gained in this place as a percentage of experience gained in the entire game.
 F = Experience gained in this place divided by the number of levels of this place that you have seen.
                   A       B       C       D       E      F
               +-------+-------+-------+-------+-------+----------------------
         Total | 100.0 | 100.0 |  -nan |  -nan | 100.0 | 618.2
       Dungeon | 100.0 | 100.0 |  -nan |  -nan | 100.0 | 618.2
               +-------+-------+-------+-------+-------+----------------------
